 Dungeon Crawl Stone Soup version 0.20.1-1-g8b1a95d (webtiles) character file.

74 Gatuga the Digger (level 4, 0/24 HPs)
             Began as a Deep Elf Earth Elementalist on July 15, 2017.
             Was an Initiate of Sif Muna.
             Slain by a hound (5 damage)
             ... on level 4 of the Dungeon.
             The game lasted 00:21:51 (2118 turns).

Gatuga the Digger (Deep Elf Earth Elementalist)     Turns: 2118, Time: 00:21:52

Health: 0/24       AC:  2    Str:  5    XL:     4   Next: 9%
Magic:  1/12       EV: 13    Int: 21    God:    Sif Muna [......]
Gold:   142        SH:  0    Dex: 15    Spells: 7/11 levels left

rFire    . . .     SeeInvis .   l - +1 dagger
rCold    . . .     Gourm    .   (no shield)
rNeg     . . .     Faith    .   c - +0 robe
rPois    .         Spirit   .   (no helmet)
rElec    .         Reflect  .   (no cloak)
rCorr    +         Harm     .   (no gloves)
MR       .....                  (no boots)
Stlth    ++........             (no amulet)
Regen    0.1/turn               r - ring of resist corrosion
MPRegen  0.2/turn               (no ring)

@: very slightly contaminated
A: no striking features
a: Renounce Religion


You were on level 4 of the Dungeon.
You worshipped Sif Muna.
Sif Muna was noncommittal.
You were hungry.

You visited 2 branches of the dungeon, and saw 5 of its levels.

You collected 142 gold pieces.

Inventory:

Hand Weapons
 l - a +1 dagger (weapon)
 s - a +0 hunting sling
Missiles
 b - 68 stones (quivered)
 q - 27 sling bullets
 u - 15 poisoned needles
Armour
 c - a +0 robe (worn)
Jewellery
 r - a ring of resist corrosion (left hand)
Scrolls
 t - a scroll of teleportation
Potions
 a - a potion of flight
 g - a potion of curing
 i - a potion of cancellation
 k - a potion of ambrosia {unknown}
 m - a potion of agility
 n - a potion of haste {unknown}
 p - a potion of mutation {unknown}
Books
 e - a book of Geomancy

   Spells                             Type                      Level
   a - Sandblast                      Earth                        1
   b - Passwall                       Transmutation/Earth          2
   c - Stone Arrow                    Conjuration/Earth            3
   d - Petrify                        Transmutation/Earth          4
   e - Lee's Rapid Deconstruction     Earth                        5
Comestibles
 d - 2 bread rations
 f - 2 meat rations
 h - 2 royal jellies


   Skills:
 + Level 2.8 Dodging
 + Level 2.6 Stealth
 + Level 4.2 Spellcasting
   Level 1.1 Transmutations
 + Level 4.5 Earth Magic


You had 7 spell levels left.
You knew the following spells:

 Your Spells              Type           Power        Failure   Level  Hunger
a - Sandblast             Erth           ###...       1%          1    None
b - Stone Arrow           Conj/Erth      ##....       14%         3    ###....


Dungeon Overview and Level Annotations

Branches:
Dungeon (4/15)             Temple (1/1) D:4

Altars:
Dithmenos
Fedhas
Gozag
Hepliaklqana
Kikubaaqudgha
Okawaru
Qazlal
Sif Muna
Trog
Uskayaw
Yredelemnul
The Shining One


Message History

The hound bites you. x2
You barely miss the hound. The hound bites you.
Casting: Sandblast
Confirm with . or Enter, or press ? or * to list all spells.
Aiming: Sandblast
Press: ? - help, Shift-Dir - straight line, f/p - hound
Aim: a hound The blast of sand misses the hound.
b - 68 stones The hound bites you.
* * * LOW HITPOINT WARNING * * *
The hound bites you.
* * * LOW HITPOINT WARNING * * *
The hound closely misses you. The hound bites you but does no damage.
The hound barely misses you.
There is a staircase to the Ecumenical Temple here.
You can't go up here!
The hound bites you.
You die...

.....#......#.....#
.....#......#.....#
.....#......#.....#
.....######.#.....##+#########
#.........#.##+##............#
#.........#.....#............#
#.........#..................#
#.........#...PPhP.........>.#
#.........#...P.@.P..........#
#.........#....P..P..........#
#.........#...P.......<......#
#.........#######............#
..".............########......
................# ......
<...............# .....
)...............# .....
................+ ....


You could see a hound.

Vanquished Creatures
  A worker ant (D:4)
  A gnoll (D:4)
  An ooze (D:1)
  3 dart slugs
  An orc (D:3)
  4 bats
  A giant cockroach (D:2)
  4 goblins (D:1)
  4 hobgoblins
  3 jackals (D:2)
  2 frilled lizards (D:1)
  6 rats
31 creatures vanquished.

Notes
Turn   | Place    | Note
-------+----------+-------------------------------------------
     0 | D:1      | Gatuga the Deep Elf Earth Elementalist began the quest for the Orb.
     0 | D:1      | Reached XP level 1. HP: 10/10 MP: 6/6
   230 | D:1      | Reached XP level 2. HP: 4/15 MP: 4/8
  1101 | D:1      | You fall through a shaft!
  1101 | D:2      | Found an opulent altar of Gozag.
  1293 | D:1      | Reached XP level 3. HP: 18/19 MP: 8/10
  1514 | D:2      | You fall through a shaft for 2 floors!
  1532 | D:4      | Found an iron altar of Okawaru.
  1597 | D:4      | Found a basalt altar of Yredelemnul.
  1735 | D:4      | Reached XP level 4. HP: 14/24 MP: 4/12
  1742 | D:4      | Found a staircase to the Ecumenical Temple.
  1770 | Temple   | Entered the Ecumenical Temple
  2037 | Temple   | Became a worshipper of Sif Muna the Loreminder
  2096 | D:3      | Learned a level 3 spell: Stone Arrow
  2118 | D:4      | Slain by a hound

Skill      XL: |  1  2  3 |
---------------+----------+-----
Earth Magic    | 4 |  4.5
Spellcasting   | 4 |  4.2
Dodging        | |  2.8
Stealth        | |  2.6
Transmutations | |  1.1

Action                   |  1- 3 |  4- 6 || total
-------------------------+-------+-------++-------
Melee: Dagger            |    22 |     4 ||    26
Throw: Stone             |     1 |       ||     1
 Cast: Sandblast         |    39 |     3 ||    42
       Stone Arrow       |       |     3 ||     3
  Use: Scroll            |    11 |       ||    11
  Eat: Chunk             |     2 |     1 ||     3
Armor: Robe              |     4 |     1 ||     5
Dodge: Dodged            |    21 |     7 ||    28
